 Dungeon Crawl Stone Soup version 0.20-a0-927-g1ae2c61 (console) character file.

128 nht the Chopper (level 5, -2/45 HPs)
             Began as a Hill Orc Monk on Mar 28, 2017.
             Slain by Terence
             ... wielding a +0 short sword
              (7 damage)
             ... on level 2 of the Dungeon.
             The game lasted 00:04:13 (1851 turns).

nht the Chopper (Hill Orc Monk)                     Turns: 1851, Time: 00:04:14

Health: -2/45      AC:  3    Str: 14    XL:     5   Next: 12%
Magic:  5/5        EV: 13    Int: 11    God:
Gold:   75         SH:  0    Dex: 13    Spells: 4/4 levels left

rFire    . . .     SeeInvis .   a - +0 hand axe
rCold    . . .     Gourm    .   (no shield)
rNeg     . . .     Faith    .   b - +0 robe
rPois    .         Spirit   .   h - +0 helmet
rElec    .         Reflect  .   (no cloak)
rCorr    .         Harm     .   (no gloves)
MR       .....                  (no boots)
Stlth    ++........             (no amulet)
Regen    0.2/turn               k - ring of wizardry
MPRegen  0.1/turn               (no ring)

@: no status effects
A: no striking features
a: no special abilities


You were on level 2 of the Dungeon.
You were not hungry.

You visited 1 branch of the dungeon, and saw 3 of its levels.

You collected 75 gold pieces.

Inventory:

Hand Weapons
 a - a +0 hand axe (weapon)
Armour
 b - a +0 robe (worn)
 h - a +0 helmet (worn)
Jewellery
 g - an uncursed ring of ice
 k - a ring of wizardry (left hand)
Scrolls
 e - a scroll of identify
Potions
 j - 2 potions of brilliance
 l - a potion of mutation
Comestibles
 c - 2 bread rations
 f - 2 meat rations


   Skills:
 - Level 3.6 Fighting
 + Level 7.5 Axes
 - Level 2.4 Dodging
 - Level 1.5 Stealth


You had 4 spell levels left.
You didn't know any spells.

Dungeon Overview and Level Annotations

Branches:
Dungeon (3/15)

Altars:
Cheibriados

Annotations:
D:2 Terence


Message History

Terence shouts, "Get ready for death!"
Terence bares his teeth.
Terence misses you. Terence screams, "I want your blood!"
There is a stone staircase leading up here.
Terence hits you with a short sword.
* * * LOW HITPOINT WARNING * * *
You climb upwards.
There is a stone staircase leading down here.
Terence barely misses you.
You see here a leather armour.
Terence hits you with a short sword.
* * * LOW HITPOINT WARNING * * *
Terence hits you with a short sword.
* * * LOW HITPOINT WARNING * * *
Terence bares his teeth.
There is a fountain of clear blue water here.
Terence says, "Time to say good-bye..."
Terence hits you with a short sword!
You die...

██....█
█.....███████████
................██
█.....█████████..███
██....█ █████....████
......█ █<.██...██.<█
███.███ █...█...█.).█
█...█ ██.'█...█..██
█.█.█ █████.@@.)█████
███.█.████.............█
....█....█......⌠......█
.███████.█.............█
....█....█████.....█████
███÷█.....██..█(..█.(██
█.█..████[(.█(..█...█
███....████>.██..(██.>█
.....█....████....(█████


You could see Terence.

Vanquished Creatures
  Robin (D:2)
  3 gnolls (D:2)
  2 adders
  An ooze (D:1)
  A dart slug (D:1)
  A leopard gecko (D:3)
  3 bats
  3 giant cockroaches
  13 goblins
  6 hobgoblins
  4 jackals
  7 kobolds
  2 quokkas
  A ball python (D:1)
  4 frilled lizards
  8 rats
60 creatures vanquished.

Notes
Turn   | Place    | Note
-------+----------+-------------------------------------------
     0 | D:1      | nht the Hill Orc Monk began the quest for the Orb.
     0 | D:1      | Reached XP level 1. HP: 19/19 MP: 1/1
   145 | D:1      | Reached XP level 2. HP: 20/26 MP: 2/2
   307 | D:1      | Reached skill level 5 in Axes
   464 | D:1      | Reached XP level 3. HP: 24/31 MP: 3/3
   627 | D:2      | Reached skill level 6 in Axes
   659 | D:2      | Reached XP level 4. HP: 26/39 MP: 4/4
   830 | D:2      | Noticed Robin
   882 | D:2      | Killed Robin
   882 | D:2      | Reached skill level 7 in Axes
  1389 | D:3      | Found a snail-covered altar of Cheibriados.
  1453 | D:3      | Reached XP level 5. HP: 24/45 MP: 5/5
  1726 | D:3      | Noticed Terence
  1745 | D:3      | HP: 1/45 [Terence/short sword (8)]
  1750 | D:3      | HP: 1/45 [hobgoblin/stone (1)]
  1765 | D:3      | HP: 2/45 [Terence/short sword (1)]
  1851 | D:2      | Slain by Terence

Vault maps used:
D:1:      dpeg_chamrin_arrival_tetris
D:2:      first_bread, grunt_ministairs_6, minmay_heptomino_h4, uniq_robin
D:3:      st_stairs_13, kennysheep_doodads, cheibriados_altar_1, uniq_terence

Skill      XL: |  1  2  3  4 |
---------------+-------------+-----
Axes           | 5 6 7 |  7.5
Fighting       | |  3.6
Dodging        | |  2.4
Stealth        | |  1.5

Action                   |  1- 3 |  4- 6 || total
-------------------------+-------+-------++-------
Melee: Hand axe          |    73 |   145 ||   218
  Use: Potion            |     1 |     2 ||     3
       Scroll            |       |     7 ||     7
 Stab: Sleeping          |     2 |     3 ||     5
  Eat: Chunk             |       |     3 ||     3
Armor: Robe              |    14 |    17 ||    31
       Skin              |       |    32 ||    32
Dodge: Dodged            |    51 |    92 ||   143
